 Dungeon Crawl Stone Soup version 0.21.1-1-g345015fe64 (webtiles) character file.

7104 Oravi the Transmogrifier (level 11, -9/86 HPs)
             Began as a Merfolk Transmuter on May 5, 2018.
             Was a High Priest of Okawaru.
             Hit by a javelin thrown by Urug (19 damage)
             ... on level 10 of the Dungeon.
             The game lasted 00:52:50 (10968 turns).

Oravi the Transmogrifier (Merfolk Transmuter)      Turns: 10968, Time: 00:52:50

Health: -9/86      AC:  4    Str: 11    XL:     11   Next: 10%
Magic:  11/21      EV: 18    Int: 16    God:    Okawaru [*****.]
Gold:   387        SH:  0    Dex: 14    Spells: 9/23 levels left

rFire    . . .     SeeInvis .     - Unarmed
rCold    . . .     Gourm    +   (no shield)
rNeg     . . .     Faith    .   t - +2 robe {Archmagi}
rPois    .         Spirit   .   (no helmet)
rElec    .         Reflect  .   (no cloak)
rCorr    .         Harm     .   (no gloves)
MR       .....                  (no boots)
Stlth    +++.......             m - amulet of the gourmand
HPRegen  0.24/turn              y - ring of stealth
MPRegen  0.17/turn              z - ring of stealth

@: very slightly contaminated
A: change form in water, swift swim, stealthy swim
a: Heroism, Finesse, Renounce Religion


You were on level 10 of the Dungeon.
You worshipped Okawaru.
Okawaru was extremely pleased with you.
You were completely stuffed.

You visited 2 branches of the dungeon, and saw 11 of its levels.

You collected 449 gold pieces.
You spent 62 gold pieces at shops.

Inventory:

Hand Weapons
 r - a cursed +0 spear of protection
 w - a +0 trident of venom
Missiles
 u - 63 arrows
Armour
 t - a +2 robe of the Archmagi (worn)
 L - the +5 scale mail of the Thoughtful Cities {rCorr Str+7 Int+4 Stlth-, unknown}
   (You found it on level 9 of the Dungeon)

   It affects your strength (+7).
   It affects your intelligence (+4).
   It protects you from acid and corrosion.
   It makes you less stealthy.
Magical Staves
 b - a cursed staff of energy {unknown}
Jewellery
 k - a +4 amulet of reflection
 m - an amulet of the gourmand (around neck)
 v - an uncursed ring of fire
 y - a ring of stealth (left hand)
 z - a ring of stealth (right hand)
Wands
 h - a wand of polymorph (15)
 l - a wand of flame (59)
 B - a wand of digging (5)
 H - a wand of random effects (24)
 I - a wand of iceblast (4)
 Q - a wand of scattershot (7)
Scrolls
 e - 2 scrolls of blinking
 i - 12 scrolls of remove curse
 x - a scroll of magic mapping
 A - 3 scrolls of teleportation
 E - 2 scrolls of amnesia
 K - 3 scrolls of identify
 M - a scroll of fear
Potions
 a - 3 potions of flight {unknown}
 f - a potion of lignification
 g - 5 potions of agility
 j - 2 potions of brilliance {unknown}
 n - 3 potions of ambrosia {unknown}
 o - a potion of curing
 p - 2 potions of mutation {unknown}
 q - a potion of heal wounds {unknown}
 s - a potion of berserk rage {unknown}
 C - 2 potions of haste {unknown}
 D - 2 potions of cancellation {unknown}
 N - a potion of resistance {unknown}
 O - 6 potions of degeneration {unknown}
Books
 c - a book of Changes

   Spells                             Type                      Level
   a - Beastly Appendage              Transmutation                1
   b - Sticks to Snakes               Transmutation                2
   c - Spider Form                    Transmutation/Poison         3
   d - Ice Form                       Ice/Transmutation            4
   e - Blade Hands                    Transmutation                5
 G - a book of Necromancy

   Spells                             Type                      Level
   a - Pain                           Necromancy                   1
   b - Animate Skeleton               Necromancy                   1
   c - Vampiric Draining              Necromancy                   3
   d - Regeneration                   Charms/Necromancy            3
   e - Animate Dead                   Necromancy                   4
   f - Borgnjor's Vile Clutch         Necromancy/Earth             5
 J - a book of Maledictions

   Spells                             Type                      Level
   a - Corona                         Hexes                        1
   b - Ensorcelled Hibernation        Hexes/Ice                    2
   c - Confuse                        Hexes                        3
   d - Tukima's Dance                 Hexes                        3
   e - Dazzling Spray                 Conjuration/Hexes            3
 P - a book of Cantrips

   Spells                             Type                      Level
   a - Confusing Touch                Hexes                        1
   b - Animate Skeleton               Necromancy                   1
   c - Summon Small Mammal            Summoning                    1
   d - Apportation                    Translocation                1
Miscellaneous
 R - a fan of gales
Comestibles
 d - 21 rations
 F - 2 chunks of flesh


   Skills:
 + Level 8.0 Fighting
 + Level 9.8 Dodging
 + Level 9.0 Unarmed Combat
 + Level 6.9 Spellcasting
 + Level 10.1 Transmutations
 - Level 3.0 Poison Magic


You had 9 spell levels left.
You knew the following spells:

 Your Spells              Type           Power        Failure   Level  Hunger
a - Spider Form           Tmut/Pois      #####.....   2%          3    ##.....
b - Sticks to Snakes      Tmut           ######..     1%          2    None
c - Ice Form              Ice/Tmut       ####....     16%         4    ####...
d - Blade Hands           Tmut           ######....   5%          5    #####..


Dungeon Overview and Level Annotations

Branches:
Dungeon (10/15)            Temple (1/1) D:6            Lair (0/6) D:9
    Orc: D:9-12

Altars:
Ashenzari
Cheibriados
Dithmenos
Elyvilon
Fedhas
Gozag
Hepliaklqana
Kikubaaqudgha
Makhleb
Nemelex Xobeh
Okawaru
Qazlal
Ru
Sif Muna
Trog
Uskayaw
Vehumet
Wu Jian
Xom
Yredelemnul
Zin
The Shining One

Shops:
D:7 %   D:10 *

Annotations:
D:10 exclusion: troll, Urug


Message History

You hit Urug but do no damage.
Urug is moderately wounded.
Your water moccasin bites Urug but does no damage.
You slash Urug!
Urug is moderately wounded.
Your water moccasin barely misses Urug.
Urug hits you with an enchanted war axe!!
* * * LOW HITPOINT WARNING * * *
Urug hits your water moccasin with an enchanted war axe!!
Your water moccasin dies!
Okay, then.
Blink to where?
Press: ? - help, Dir - move target cursor You are very lightly contaminated with residual magic.
As you read the scroll of blinking, it crumbles to dust.
Your transformation is almost over.
You feel like a meek peon again.
Your hands revert to their normal proportions.
Urug throws a javelin.
The javelin hits you!!
You die...

#.......###########
#o#######,,,,,,,,,,
########.#,,,,,,,,,,,,,,,,
#........#,,,,,,,,,,,,,,,,
#........#,,,,,,,<,,,,,,,,
#........#,,,,,,,,,,,,,,,,
#........+,,,,,####+######
#........#######....<.....
###>.....@................
#..............#########
#..............#,,,,,,,,
#..............#,,,,,,,,
#..............#,,,,,,,,
#.#####........#,,,,,,,,
#.+,,,#........#,,,,,,,,
#.#,,,#........+,,,,,,,,
#.#,,,#........##+#+####


You could see Urug.

Vanquished Creatures
  2 two-headed ogres
  Pikel (D:6)
  Grinder (D:3)
  Sigmund (D:4)
  A vampire (D:9)
  Grum (D:8)
  A hungry ghost (D:9)
  Menkaure (D:4)
  A water moccasin (D:6)
  2 ice beasts
  2 slaves (D:6)
  4 sky beasts
  6 ogres
  2 black bears
  3 centaurs
  2 wolves (D:8)
  2 bullfrogs
  A big kobold (D:9)
  3 scorpions
  25 killer bees
  3 howler monkeys
  3 wights (D:6)
  A crimson imp (D:9)
  A centaur zombie (D:6)
  2 bullfrog zombies
  2 jellies
  7 hounds
  2 orc priests
  5 orc wizards
  A centaur skeleton (D:4)
  An iguana (D:10)
  4 worker ants
  A hound zombie (D:6)
  3 hound skeletons
  7 gnolls (D:5)
  A howler monkey skeleton (D:4)
  7 adders
  An adder zombie (D:8)
  5 worms
  10 leopard geckos
  28 orcs
  11 giant cockroaches
  11 goblins
  9 hobgoblins
  17 jackals
  11 kobolds
  8 quokkas
  14 bats
  6 frilled lizards
  3 leopard gecko skeletons
  13 rats
  A spectral orc (D:2)
261 creatures vanquished.

Vanquished Creatures (collateral kills)
  An orc (D:3)
1 creature vanquished.

Vanquished Creatures (others)
  A plant (D:9)
1 creature vanquished.

Grand Total: 263 creatures vanquished

Notes
Turn   | Place    | Note
-------+----------+-------------------------------------------
     0 | D:1      | Oravi the Merfolk Transmuter began the quest for the Orb.
     0 | D:1      | Reached XP level 1. HP: 15/15 MP: 3/3
    32 | D:1      | Reached skill level 3 in Transmutations
    70 | D:1      | Reached XP level 2. HP: 16/21 MP: 5/5
   430 | D:1      | Reached XP level 3. HP: 23/26 MP: 4/6
   434 | D:1      | Learned a level 2 spell: Sticks to Snakes
   438 | D:1      | Learned a level 3 spell: Spider Form
   888 | D:2      | Reached skill level 4 in Transmutations
   960 | D:2      | Reached XP level 4. HP: 11/33 MP: 1/7
  1327 | D:2      | Found a glowing golden altar of the Shining One.
  1388 | D:2      | Found a basalt altar of Yredelemnul.
  1771 | D:2      | Found a bloodstained altar of Trog.
  1813 | D:2      | Found a hazy altar of Hepliaklqana.
  1869 | D:3      | Noticed Grinder
  2057 | D:3      | Reached skill level 1 in Poison Magic
  2149 | D:3      | Reached XP level 5. HP: 37/38 MP: 2/8
  2664 | D:3      | Paralysed by Grinder for 4 turns
  2687 | D:3      | Killed Grinder
  2687 | D:3      | Reached XP level 6. HP: 23/46 MP: 0/10
  2838 | D:4      | Found an iron altar of Okawaru.
  2871 | D:4      | Became a worshipper of Warmaster Okawaru
  2908 | D:4      | Found a deep blue altar of Sif Muna.
  2915 | D:4      | Reached skill level 5 in Transmutations
  2959 | D:4      | Found a shimmering altar of Xom.
  2988 | D:4      | Noticed Sigmund
  3044 | D:4      | Found a snail-covered altar of Cheibriados.
  3492 | D:4      | Killed Sigmund
  3492 | D:4      | Reached skill level 5 in Unarmed Combat
  3492 | D:4      | Reached XP level 7. HP: 32/52 MP: 6/11
  3683 | D:4      | Noticed Menkaure
  3693 | D:4      | Killed Menkaure
  3693 | D:4      | Reached * piety under Okawaru
  3904 | D:4      | Found a hide-covered altar of Uskayaw.
  3989 | D:5      | Entered Level 5 of the Dungeon
  4237 | D:5      | Reached skill level 5 in Dodging
  4237 | D:5      | Reached XP level 8. HP: 51/60 MP: 7/13
  4309 | D:5      | Reached skill level 6 in Transmutations
  4337 | D:5      | Found a sacrificial altar of Ru.
  4370 | D:5      | Found an ornate altar of the Wu Jian Council.
  4509 | D:5      | Found a stormy altar of Qazlal.
  4511 | D:5      | Found a blossoming altar of Fedhas.
  4568 | D:5      | Reached ** piety under Okawaru
  5526 | D:6      | Reached skill level 7 in Transmutations
  5532 | D:6      | Learned a level 4 spell: Ice Form
  5538 | D:6      | Learned a level 5 spell: Blade Hands
  5630 | D:6      | Reached skill level 5 in Fighting
  5697 | D:6      | Found a sacrificial altar of Ru.
  5750 | D:6      | Noticed Pikel
  5791 | D:6      | Killed Pikel
  5791 | D:6      | Reached *** piety under Okawaru
  5791 | D:6      | Reached XP level 9. HP: 31/68 MP: 11/16
  6062 | D:6      | Reached skill level 5 in Spellcasting
  6107 | D:6      | Found a staircase to the Ecumenical Temple.
  6169 | Temple   | Entered the Ecumenical Temple
  6533 | D:6      | Reached skill level 8 in Transmutations
  6849 | D:7      | Found Ukovixt's Food Boutique.
  7569 | D:7      | You fall through a shaft for 3 floors!
  7569 | D:10     | Entered Level 10 of the Dungeon
  7569 | D:10     | Found Uxiunn's Assorted Antiques.
  7783 | D:10     | Reached XP level 10. HP: 46/77 MP: 15/18
  8205 | D:9      | Found a staircase to the Lair.
  8240 | D:9      | Got a smoking scale mail
  8278 | D:9      | Reached **** piety under Okawaru
  8731 | D:9      | Noticed a two-headed ogre
  8746 | D:9      | Killed a two-headed ogre
  8746 | D:9      | Reached skill level 9 in Transmutations
  9036 | D:9      | Found the +8 longbow "Zephyr" {speed, Dex+3 SInv}
  9637 | D:8      | Noticed Grum
  9640 | D:8      | Noticed a two-headed ogre
  9660 | D:8      | Killed a two-headed ogre
  9660 | D:8      | Reached ***** piety under Okawaru
  9666 | D:8      | Killed Grum
  9720 | D:8      | Found an opulent altar of Gozag.
  9883 | D:8      | Reached XP level 11. HP: 33/86 MP: 18/21
 10361 | D:9      | Reached skill level 10 in Transmutations
 10796 | D:10     | Bought a scroll labeled USUCVA TYKOGH for 31 gold pieces
 10796 | D:10     | Bought a scroll labeled MIUNLOCUMN for 31 gold pieces
 10938 | D:10     | Noticed Urug
 10968 | D:10     | Hit by a javelin thrown by Urug

Skill      XL: |  1  2  3  4  5  6  7  8  9 10 11 |
---------------+----------------------------------+-----
Transmutations | 3 4 5 7 8 9 10 | 10.1
Unarmed Combat | 4 5 6 7 8 9 |  9.0
Dodging        | 3 4 5 6 8 9 |  9.8
Fighting       | 2 3 4 5 6 7 8 |  8.0
Poison Magic   | 1 2 3 |  3.0
Spellcasting   | 3 4 5 6 |  6.9

Action                   |  1- 3 |  4- 6 |  7- 9 | 10-12 || total
-------------------------+-------+-------+-------+-------++-------
Melee: Unarmed           |    87 |   193 |   334 |   218 ||   832
       Headbutt          |     4 |       |       |       ||     4
       Punch             |       |     2 |       |     1 ||     3
 Cast: Beastly Appendage |     9 |     1 |       |       ||    10
       Spider Form       |     8 |    29 |    41 |    22 ||   100
       Sticks to Snakes  |       |    12 |       |     4 ||    16
       Ice Form          |       |       |       |     4 ||     4
       Blade Hands       |       |       |       |     2 ||     2
Invok: Heroism           |       |       |     3 |    10 ||    13
 Abil: End Transformatio |       |       |       |     4 ||     4
  Use: Scroll            |       |    10 |     3 |     5 ||    18
       Potion            |       |       |     2 |     1 ||     3
 Stab: Sleeping          |     1 |     1 |     9 |     7 ||    18
  Eat: Chunk             |     1 |    26 |    19 |    20 ||    66
Armor: Robe              |    10 |     9 |       |     1 ||    20
       Skin              |     4 |     6 |     9 |    11 ||    30
Dodge: Dodged            |    67 |   141 |   310 |   227 ||   745
